 Dungeon Crawl Stone Soup version 0.29.0-4-gdea44cf6ec (webtiles) character file.

Game seed: 3649118830952744509

9 qw the Chopper (level 2, -3/17 HPs)
             Began as a Tengu Warper on Aug 28, 2022.
             Succumbed to their own poison gas
             ... on level 1 of the Dungeon.
             The game lasted 00:00:02 (402 turns).

qw the Chopper (Tengu Warper)                        Turns: 402, Time: 00:00:03

Health: -3/17      AC:  6    Str: 11    XL:     2   Next: 12%
Magic:  6/6        EV:  9    Int: 13    God:
Gold:   66         SH:  0    Dex: 13    Spells: 5/5 levels left

rFire   . . .      SeeInvis .   Y - +0 hand axe
rCold   . . .      Faith    .   (no shield)
rNeg    . . .      Spirit   .   g - +0 scale mail
rPois   .          Reflect  .   (helmet restricted)
rElec   .          Harm     .   (no cloak)
rCorr   .          Rampage  .   (no gloves)
Will    .....                   (boots unavailable)
Stlth   ..........              (no amulet)
HPRegen 0.05/turn               (no ring)
MPRegen 0.10/turn               (no ring)

@: lethally poisoned (-3 -> -17), weak-willed, very slow
A: beak, talons 3
a: no special abilities


You were on level 1 of the Dungeon.
You visited 1 branch of the dungeon, and saw 1 of its levels.

You collected 66 gold pieces.


Innate Abilities, Weirdness & Mutations

You have a beak for a mouth.
You have claws for feet.


   Skills:
 - Level 2.0 Fighting
 + Level 3.1 Axes
 - Level 1.0 Throwing
 - Level 1.1 Armour
 - Level 2.1 Dodging
 - Level 2.0 Spellcasting
 - Level 2.4 Translocations


You had 5 spell levels left.
You didn't know any spells.
Your spell library contained the following spells:

 Spells                   Type           Power      Damage    Failure   Level
 Blink                    Tloc           14%        N/A       65%         2
 Gell's Gravitas          Tloc           7%         N/A       86%         3
 Lesser Beckoning         Tloc           7%         N/A       86%         3
 Teleport Other           Tloc           7%         N/A       86%         3
 Manifold Assault         Tloc           7%         N/A       100%        5

Inventory:

Hand Weapons
 h - a +0 mace
 Y - a +0 hand axe (weapon)
Armour
 g - a +0 scale mail (worn)

Dungeon Overview and Level Annotations

Branches:
Dungeon (1/15)

Altars:


Message History

There is a stone staircase leading down here.
You enter the shallow water.
Moving in this stuff is going to be slow.
You enter the shallow water.
Moving in this stuff is going to be slow.
Done exploring.
Done exploring.
387 ||| UPGRADING to +0 scale mail.
You start removing your armour.
You continue taking off your +0 leather armour. x4
You finish taking off your +0 leather armour.
You start putting on your armour.
You continue putting on your +0 scale mail. x5
You finish putting on your +0 scale mail.
397 ||| DROPPING +0 leather armour.
You drop a +0 leather armour.
You hear a splash.
Done exploring.
398 ||| READING scroll labelled ANU WEUTEVVIUW.
The air fills with toxic fumes!
As you read the scroll labelled ANU WEUTEVVIUW, it crumbles to dust.
It was a scroll of poison.
Done exploring.
399 ||| READING scroll labelled EDET EKHLUPIH.
As you read the scroll labelled EDET EKHLUPIH, it crumbles to dust.
Magic quickly surges around you.
It was a scroll of vulnerability.
Done exploring.
400 ||| DROPPING scroll of blinking.
You drop a scroll of blinking.
You hear a splash.
Done exploring.
(D) Dungeon
Where to? (* - list waypoints, ? - help)
What level of the Dungeon? (default 1, ? - help) Sorry, I don't know how to get there.
Done exploring.
401 ||| Stepping randomly (stuck).
Really walk into that cloud of poison gas?
You are engulfed in poison gas.
You are lethally poisoned!
Ouch! That really hurt!
You feel extremely sick.
402 ||| Stepping ~*~*~tactically~*~*~ (cloud).
You die...

#################
#¤¤~~~¤0~~00¤¤¤¤#
#¤~¤¤¤¤¤¤¤¤¤0¤¤~#
#~~.¤¤¤¤¤¤¤¤¤¤¤¤#
###~..¤¤¤¤¤¤¤@0¤¤0#
##.....¤¤¤¤¤0¤¤¤¤¤¤#
##..#~..¤0¤¤0¤¤¤¤0.~#
##..##~~....~~¤¤0¤¤¤~#
...###~~~¤~..¤¤¤¤¤¤¤¤#
.### #~~¤~~~~¤¤¤¤¤¤¤¤#
.# ########¤########
## #..¤¤# .# #.####


There were no monsters in sight!

Vanquished Creatures
  A giant cockroach (D:1)
  A goblin (D:1)
  A hobgoblin (D:1)
  A quokka (D:1)
  4 frilled lizards (D:1)
  A kobold (D:1)
9 creatures vanquished.

Notes
Turn   | Place    | Note
-------+----------+-------------------------------------------
     0 | D:1      | qw the Tengu Warper began the quest for the Orb.
     0 | D:1      | Reached XP level 1. HP: 12/12 MP: 4/4
     0 | D:1      | 0 ||| qw: Version: 0.1-a-89-g26bdef1
     0 | D:1      | 0 ||| qw: Game counter: 3376
     0 | D:1      | 0 ||| qw: Always use a shield: true
     0 | D:1      | 0 ||| qw: God list: Okawaru
     0 | D:1      | 0 ||| qw: Allow faded altars: false
     0 | D:1      | 0 ||| qw: Do Orc after D:15 true
     0 | D:1      | 0 ||| qw: Do second Lair branch before Depths: true
     0 | D:1      | 0 ||| qw: Lair rune preference: random
     0 | D:1      | 0 ||| qw: Plans: Normal
     0 | D:1      | 0 ||| PLANNING D:1-11
    98 | D:1      | 98 ||| DROPPING +0 club.
   114 | D:1      | 114 ||| Stepping ~*~*~tactically~*~*~ (stealth).
   129 | D:1      | 129 ||| Stepping ~*~*~tactically~*~*~ (stealth).
   137 | D:1      | Reached skill level 3 in Axes
   137 | D:1      | Reached XP level 2. HP: 17/17 MP: 6/6
   387 | D:1      | 387 ||| UPGRADING to +0 scale mail.
   397 | D:1      | 397 ||| DROPPING +0 leather armour.
   398 | D:1      | 398 ||| READING scroll labelled ANU WEUTEVVIUW.
   399 | D:1      | 399 ||| READING scroll labelled EDET EKHLUPIH.
   400 | D:1      | 400 ||| DROPPING scroll of blinking.
   401 | D:1      | 401 ||| Stepping randomly (stuck).
   401 | D:1      | HP: 1/17 [poisoned by you (poison gas)]
   402 | D:1      | 402 ||| Stepping ~*~*~tactically~*~*~ (cloud).
   402 | D:1      | Succumbed to their own poison gas

Levels and vault maps discovered:
D:1:      dpeg_arrival_shrine, layout_rooms

Skill      XL: |  1 |
---------------+----+-----
Axes           | 3 |  3.1
Fighting       | |  2.0
Throwing       | |  1.0
Armour         | |  1.1
Dodging        | |  2.1
Spellcasting   | |  2.0
Translocations | |  2.4

Action                   || total
-------------------------++-------
Melee: Hand axe          ||     7
       Kick              ||     3
Throw: Boomerang         ||     7
  Use: Scroll            ||     2
Dodge: Dodged            ||     2

Table legend:
 A = Non-vault XP
 B = Vault XP
 C = Vault XP percentage of total XP
 D = Non-vault monster count
 E = Vault monster count
 F = Vault count percentage of total count
                 A         B        C        D         E       F
            +---------+---------+-------+---------+---------+-------
      Total |      13 |       0 |   0.0 |       9 |       0 |   0.0
            +---------+---------+-------+---------+---------+-------
        D:1 |      13 |       0 |   0.0 |       9 |       0 |   0.0
            +---------+---------+-------+---------+---------+-------
